 Dungeon Crawl Stone Soup version 0.30-a0-613-gdd512c7 (webtiles) character file.

Game seed: 3045637163583714703

103 malesh the Vexing (level 5, 0/38 HPs)
             Began as a Formicid Hexslinger on Jan 8, 2023.
             Killed from afar by an orc wizard (10 damage)
             ... with a puff of flame
             ... on level 3 of the Dungeon.
             The game lasted 00:05:20 (1569 turns).

malesh the Vexing (Formicid Hexslinger)             Turns: 1569, Time: 00:05:21

Health: 0/38       AC:  2    Str: 14    XL:     5   Next: 6%
Magic:  6/7        EV: 12    Int: 15    God:
Gold:   205        SH:  0    Dex: 14    Spells: 0/7 levels left

rFire   . . .      SeeInvis +    a - +1 sling
rCold   . . .      Faith    .    (no shield)
rNeg    . . .      Spirit   .    c - +0 robe
rPois   .          Reflect  .    (helmet unavailable)
rElec   .          Harm     .    (no cloak)
rCorr   .          Rampage  .    (no gloves)
Will    .....                    (no boots)
Stlth   +                        (no amulet)
HPRegen 0.26/turn                (no ring)
MPRegen 0.10/turn                (no ring)

@: no status effects
A: permanent stasis, dig shafts and tunnels, antennae 3, four strong arms
a: Dig, Shaft Self


You were on level 3 of the Dungeon.
You visited 1 branch of the dungeon, and saw 3 of its levels.

You collected 205 gold pieces.

Inventory:

Hand Weapons
 a - a +1 sling (weapon)
Armour
 c - a +0 robe (worn)
Jewellery
 i - a ring of fire
Wands
 n - a wand of roots (3)
Scrolls
 b - a scroll of poison
 d - 3 scrolls of fear {unknown}
 f - a scroll of vulnerability {unknown}
 j - a scroll of enchant armour {unknown}
 k - a scroll of identify {unknown}
 l - a scroll of teleportation {unknown}
Potions
 e - a potion of flight {unknown}
 g - 3 potions of attraction {unknown}
 h - a potion of degeneration {unknown}
 m - a potion of ambrosia {unknown}
 o - a potion of curing {unknown}


   Skills:
 + Level 2.0 Fighting
 * Level 3.2 Ranged Weapons
 + Level 2.3 Dodging
 + Level 1.7 Spellcasting
 * Level 4.5 Hexes


You couldn't memorise any spells.
You knew the following spells:

 Your Spells              Type           Power      Damage    Failure   Level
a - Slow                  Hex            56%        N/A       3%          1
b - Inner Flame           Hex/Fire       8%         N/A       26%         3
c - Portal Projectile     Hex/Tloc       16%        N/A       26%         3

Your spell library contained the following spells:

 Spells                   Type           Power      Damage    Failure   Level
 Ensorcelled Hibernation  Hex/Ice        16%        N/A       14%         2
 Apportation              Tloc           2%         N/A       22%         1
 Necrotise                Necr           4%         1d4       22%         1
 Summon Small Mammal      Summ           4%         N/A       22%         1
 Cause Fear               Hex            7%         N/A       34%         4
 Spider Form              Tmut/Pois      1%         N/A       56%         3
 Anguish                  Hex/Necr       4%         N/A       65%         4


Dungeon Overview and Level Annotations

Branches:
Dungeon (3/15)

Altars:
Ashenzari
Okawaru


Innate Abilities, Weirdness & Mutations

You cannot be hasted, slowed, berserked, paralysed or teleported.
You can dig through walls and to a lower floor.
You have a pair of large antennae on your head. (SInv)
Your four strong arms can wield two-handed weapons with a shield.


Message History

You kill the orc!
Fire: a) +1 sling
Press: ? - help, Shift-Dir - straight line, f - orc wizard
Aim: an orc wizard, wielding a +0 club and wearing a +0 robe (moderately wounded, 51% to hit)
You shoot a sling bullet. The sling bullet misses the orc wizard.
The orc wizard hits you with a +0 club.
Fire: a) +1 sling
Press: ? - help, Shift-Dir - straight line, f/p - orc wizard
Aim: an orc wizard, wielding a +0 club and wearing a +0 robe (moderately wounded, 51% to hit)
You shoot a sling bullet.
The sling bullet barely misses the orc wizard.
The orc wizard hits you with a +0 club.
Fire: a) +1 sling
Press: ? - help, Shift-Dir - straight line, f/p - orc wizard
Aim: an orc wizard, wielding a +0 club and wearing a +0 robe (moderately wounded, 51% to hit)
You shoot a sling bullet.
The sling bullet barely misses the orc wizard.
The orc wizard hits you with a +0 club.
The orc wizard mumbles some strange words.
The orc wizard flickers and vanishes for a moment.
Fire: a) +1 sling
Press: ? - help, Shift-Dir - straight line, f/p - orc wizard
Aim: an orc wizard, wielding a +0 club and wearing a +0 robe (moderately wounded, slightly transparent, 51% to hit)
You shoot a sling bullet.
The sling bullet closely misses the orc wizard.
The orc wizard hits you with a +0 club.
Fire: a) +1 sling
Press: ? - help, Shift-Dir - straight line, f/p - orc wizard
Aim: an orc wizard, wielding a +0 club and wearing a +0 robe (moderately wounded, slightly transparent, 51% to hit)
You shoot a sling bullet.
The sling bullet closely misses the orc wizard.
The orc wizard hits you with a +0 club.
* * * LOW HITPOINT WARNING * * *
You extend your mandibles.
Unknown command.
Unknown command.
Are you sure you want to shaft yourself?
The orc wizard gestures at you while chanting.
The puff of flame hits you!
You die...

########## ##...#.#...
#........# ##.#._.#.
#.######.#####..#.#..#
#.........#...#
#####..##......(..#
#.............##.##
#.###..##..........
#.##.###..####.....# #
#...))o@..#####...##
####)####........## ..
########.# ##


You could see an orc wizard (invisible).

Vanquished Creatures
  An orc priest (D:3)
  2 worms (D:2)
  6 orcs (D:3)
  4 endoplasms
  2 giant cockroaches (D:1)
  7 goblins
  3 hobgoblins
  4 jackals (D:1)
  3 quokkas (D:1)
  4 ball pythons
  5 bats
  A frilled lizard (D:2)
  6 kobolds
  6 rats
54 creatures vanquished.

Vanquished Creatures (others)
  2 demonic plants (D:1)
2 creatures vanquished.

Grand Total: 56 creatures vanquished

Notes
Turn   | Place    | Note
-------+----------+-------------------------------------------
     0 | D:1      | malesh the Formicid Hexslinger began the quest for the Orb.
     0 | D:1      | Reached XP level 1. HP: 15/15 MP: 2/2
   110 | D:1      | Reached XP level 2. HP: 21/21 MP: 3/3
   220 | D:1      | Found a faded altar of an unknown god.
   404 | D:1      | Reached skill level 4 in Hexes
   406 | D:1      | Reached XP level 3. HP: 26/26 MP: 4/4
   780 | D:2      | Learned a level 3 spell: Inner Flame
   952 | D:2      | Found a broken altar of Ashenzari.
  1120 | D:2      | Reached XP level 4. HP: 32/33 MP: 6/6
  1393 | D:3      | Found an iron altar of Okawaru.
  1543 | D:3      | Reached XP level 5. HP: 37/38 MP: 7/7
  1547 | D:3      | Learned a level 3 spell: Portal Projectile
  1569 | D:3      | Killed from afar by an orc wizard

Illustrated notes

Levels and vault maps discovered:
D:1:      doesnt_arrival_eight_statues, layout_rooms,
          shapermc_ecumenical_altar_gd, minmay_split_cup_small
D:2:      layout_basic, basic_altar
D:3:      layout_loops_corners, okawaru_metal_pillars_3, uniq_jessica, uniq_ijyb

Skill      XL: |  1  2  3  4 |
---------------+-------------+-----
Hexes          | 4 |  4.5
Dodging        | 2 |  2.3
Ranged Weapons | 3 |  3.2
Fighting       | 2 |  2.0
Spellcasting   | |  1.7

Action                   |  1- 3 |  4- 6 || total
-------------------------+-------+-------++-------
 Fire: Sling             |   146 |    58 ||   204
 Cast: Slow              |    10 |     7 ||    17
       Inner Flame       |       |     1 ||     1
 Abil: Dig               |       |     1 ||     1
       Shaft Self        |       |     1 ||     1
Evoke: Wand              |       |     1 ||     1
Armor: Robe              |    26 |     2 ||    28
Dodge: Dodged            |    47 |    10 ||    57

Table legend: (Time is in decaauts)
 A = Elapsed time spent in this place.
 B = Non-inter-level travel time spent in this place.
 C = Inter-level travel time spent in this place.
 D = Time resting spent in this place.
 E = Time spent auto-exploring this place.
 F = Levels seen in this place.
 G = Mean time per level.
                   A        B        C        D        E       F      G
               +--------+--------+--------+--------+--------+-----+--------+
         Total |   1624 |   1596 |     28 |      3 |   1185 |   3 |  541.3 |
       Dungeon |   1624 |   1596 |     28 |      3 |   1185 |   3 |  541.3 |
               +--------+--------+--------+--------+--------+-----+--------+

Top non-repeatable levels by time:
     D:1: 726 daAuts
     D:2: 622 daAuts
     D:3: 275 daAuts
